 Dungeon Crawl Stone Soup version 0.18-a0-1577-gf591c28 (webtiles) character file.

562 namelastname112 the Chopper (level 7, -1/91 HPs)
             Began as a Mottled Draconian Berserker on Mar 19, 2016.
             Was a Priest of Trog.
             Slain by a worker ant (3 damage)
             ... on level 4 of the Dungeon.
             The game lasted 00:03:46 (2793 turns).

namelastname112 the Chopper (DrBe)                  Turns: 2793, Time: 00:03:46

Health: -1/91      AC:  6    Str: 24    XL:     7   Next: 10%
Magic:  7/7        EV: 11    Int:  7    God:    Trog [***...]
Gold:   183        SH:  0    Dex: 13    Spells: 0 memorised, 6 levels left

rFire  . . .     SeeInvis .     s - +0 war axe
rCold  . . .     Gourm    .     (armour unavailable)
rNeg   . . .     Faith    .     (no shield)
rPois  .         Spirit   .     (helmet restricted)
rElec  .         Dismiss  .     (no cloak)
rCorr  .         Reflect  .     (no gloves)
SustAt .         Harm     .     (no boots)
MR     .....                    (no amulet)
Stlth  ..........               (no ring)
                                (no ring)

@: berserking, lethally poisoned (-1 -> -6), very heavily drained, very quick,
not resistant to hostile enchantments, extremely unstealthy
A: breathe sticky flame splash, unfitting armour, cold-blooded, AC +6
a: Breathe Sticky Flame, Berserk, Trog's Hand, Burn Spellbooks, Renounce
Religion


You were on level 4 of the Dungeon.
You worshipped Trog.
Trog was most pleased with you.
You were not hungry.

You visited 1 branch of the dungeon, and saw 4 of its levels.

You collected 183 gold pieces.

Inventory:

Hand Weapons
 s - a +0 war axe (weapon)
Scrolls
 e - a scroll of fog {unknown}
 f - a scroll of random uselessness {unknown}
 h - a scroll of amnesia {unknown}
 k - 2 scrolls of magic mapping {unknown}
 m - a scroll of enchant weapon {unknown}
 n - a scroll of fear {unknown}
 t - a scroll of teleportation {unknown}
Potions
 c - a potion of mutation {unknown}
 d - 2 potions of curing
 g - 2 potions of might {unknown}
 o - a potion of degeneration {unknown}
 p - a potion of lignification {unknown}
 q - a potion of berserk rage {unknown}
 r - a potion of brilliance {unknown}
Books
 l - a book of Transfigurations

   Spells                             Type                      Level
   a - Irradiate                      Conjuration/Transmutation    5
   b - Statue Form                    Transmutation/Earth          6
   c - Hydra Form                     Transmutation                6
   d - Dragon Form                    Transmutation                7
   Trog disapproves of the use of such an item.
Comestibles
 a - 4 chunks of flesh
 b - 4 bread rations
 i - 3 meat rations
 j - a slice of pizza


   Skills:
 + Level 5.1(1.6) Fighting
 * Level 6.1(2.5) Axes
 + Level 4.5(1.0) Dodging


You had 6 spell levels left.
You didn't know any spells.

Dungeon Overview and Level Annotations

Branches:
Dungeon (4/15)
 Temple: D:4-7

Altars:
Elyvilon
Gozag
Okawaru
Sif Muna


Innate Abilities, Weirdness & Mutations

You can spit globs of burning liquid.
You can ignite nearby creatures when you spit burning liquid.
Your weird mottled scales are hard (AC +6).
Your body does not fit into most forms of armour.
You are cold-blooded and may be slowed by cold attacks.


Message History

The worker ant bites you.
* * * LOW HITPOINT WARNING * * *
You are lethally poisoned!
The worker ant poisons you!
You closely miss the worker ant.
The worker ant is severely wounded.
You slash the phantom!
The phantom is heavily damaged.
* * * LOW HITPOINT WARNING * * *
You feel sick.
The phantom hits you but does no damage.
The worker ant bites you.
* * * LOW HITPOINT WARNING * * *
You closely miss the worker ant.
Your tail-slap misses the worker ant.
The worker ant is severely wounded.
You miss the phantom.
The phantom is heavily damaged.
* * * LOW HITPOINT WARNING * * *
You feel sick. The worker ant bites you.
You die...

###. #!..
###########..#
#...........#
#....a....#### ..
#.....@W.....####...
##.####........<.#
###.#....>...# ##
#...!..?.....# #..
#.###....>...# #..
####.# #........#
#..# ##.)..#
########## ...
#..##.# #.##.....#


You could see a phantom and a worker ant.

Vanquished Creatures
  A necrophage (D:3)
  An ogre (D:4)
  The ghost of Fabri the Changer, a weakling OpTm (D:3)
  An orc priest (D:3)
  A hound (D:3)
  A centaur skeleton (D:4)
  Natasha (D:3)
  2 orc wizards (D:3)
  A worker ant (D:4)
  5 adders
  A howler monkey skeleton (D:4)
  3 oozes
  4 worms
  2 giant geckos
  11 orcs (D:3)
  A ball python (D:2)
  9 bats
  2 giant cockroaches (D:2)
  6 hobgoblins
  7 jackals (D:2)
  A quokka (D:2)
  4 giant newts
  12 goblins
  8 kobolds
  6 rats
92 creatures vanquished.

Notes
Turn   | Place    | Note
--------------------------------------------------------------
     0 | D:1      | namelastname112 the Draconian Berserker began the quest for the Orb.
     0 | D:1      | Reached XP level 1. HP: 19/19 MP: 1/1
   105 | D:1      | Reached XP level 2. HP: 26/26 MP: 2/2
   643 | D:2      | Reached ** piety under Trog
   653 | D:2      | Found an opulent altar of Gozag.
   660 | D:2      | Reached XP level 3. HP: 31/31 MP: 3/3
   769 | D:2      | Reached skill level 4 in Axes
   773 | D:2      | Reached XP level 4. HP: 29/40 MP: 4/4
  1080 | D:2      | Found an iron altar of Okawaru.
  1398 | D:3      | Noticed a necrophage
  1398 | D:3      | Found a deep blue altar of Sif Muna.
  1402 | D:3      | Killed a necrophage
  1402 | D:3      | Reached XP level 5. HP: 46/46 MP: 5/5
  1533 | D:3      | Found a white marble altar of Elyvilon.
  1585 | D:3      | Reached *** piety under Trog
  1724 | D:3      | Reached skill level 5 in Axes
  1847 | D:3      | Noticed Fabri's ghost (weakling OpTm)
  1853 | D:3      | Reached XP level 6. HP: 52/52 MP: 6/6
  1861 | D:3      | Killed Fabri's ghost
  2113 | D:3      | Noticed Natasha
  2121 | D:3      | Killed Natasha
  2709 | D:4      | Reached skill level 5 in Fighting
  2709 | D:4      | Reached skill level 6 in Axes
  2713 | D:4      | Your scales start taking on a weird mottled colour.
  2713 | D:4      | Reached XP level 7. HP: 61/61 MP: 7/7
  2792 | D:4      | HP: 3/91 [worker ant (3)]
  2793 | D:4      | Slain by a worker ant

Vault maps used:
D:1:      shiori_shiawase
D:2:      marbit_many_paths, nicolae_gozag_seed_capital
D:3:      nicolae_overflow_crystal_walls, lemuel_doored_altar,
          nicolae_overflow_hidden_temple, first_bread,
          kennysheep_generic_room_16, uniq_natasha
D:4:      wad_crossroads

Skill      XL: |  1  2  3  4  5  6 |
---------------+-------------------+-----
Dodging        | 3 4 |  4.5
Axes           | 4 5 6 |  6.1
Fighting       | 4 5 |  5.1

Action                   |  1- 3 |  4- 6 |  7- 9 || total
-------------------------+-------+-------+-------++-------
Melee: Hand axe          |    89 |   112 |       ||   201
       War axe           |       |    48 |    24 ||    72
Invok: Berserk           |     1 |     4 |     1 ||     6
       Trog's Hand       |       |     1 |       ||     1
  Use: Potion            |       |     1 |       ||     1
 Stab: Sleeping          |       |     1 |       ||     1
  Eat: Chunk             |       |     7 |     2 ||     9
       Fruit             |       |     3 |       ||     3
